 Dungeon Crawl Stone Soup version 0.29.1 (webtiles) character file.

Game seed: 11801609415106701366

867 groovy9 the Skirmisher (level 8, -1/66 HPs)
             Began as a Gargoyle Hunter on Sept 14, 2022.
             Was an Initiate of Hepliaklqana.
             Slain by Duvessa
             ... wielding a +0 rapier
              (7 damage)
             ... on level 6 of the Dungeon.
             The game lasted 00:15:48 (5569 turns).

groovy9 the Skirmisher (Gargoyle Hunter)            Turns: 5569, Time: 00:15:48

Health: -1/66      AC: 24    Str: 16    XL:     8   Next: 3%
Magic:  8/8        EV:  2    Int: 15    God:    Hepliaklqana [......]
Gold:   283        SH:  5    Dex: 15    Spells: 7/7 levels left

rFire   . . .      SeeInvis .   a - +0 shortbow (flame)
rCold   . . .      Faith    .   (shield currently unavailable)
rNeg    + . .      Spirit   .   (body armour currently unavailable)
rPois   ∞          Reflect  +   (helmet currently unavailable)
rElec   .          Harm     .   (cloak currently unavailable)
rCorr   .          Rampage  .   (gloves currently unavailable)
Will    .....      NoTele   +   (boots currently unavailable)
Stlth   +.........              e - amulet of reflection
HPRegen 0.21/turn               n - +6 ring of intelligence
MPRegen 0.11/turn               (no ring)

@: tree-form, silenced, marked
A: stationary, stasis, torment immunity, boosted hp, sickness immunity, AC +5,
negative energy resistance 1, (electricity resistance), torment resistance 1,
petrification resistance
a: Renounce Religion


You were on level 6 of the Dungeon.
You worshipped Hepliaklqana.
Hepliaklqana was noncommittal.
You were a tree.
You visited 2 branches of the dungeon, and saw 7 of its levels.

You collected 283 gold pieces.

Inventory:

Hand Weapons
 a - a +0 shortbow of flaming (weapon)
Armour
 c - a +0 leather armour (melded)
 i - a scarf of resistance (melded)
 k - a +0 helmet (melded)
 l - a +0 pair of gloves (melded)
 u - an orb of mayhem
Jewellery
 e - an amulet of reflection (around neck)
 n - a +6 ring of intelligence (left branch)
 p - an amulet of guardian spirit
Wands
 f - a wand of iceblast (12)
 h - a wand of polymorph (21)
 z - a wand of flame (22)
Scrolls
 b - 3 scrolls of immolation
 r - a scroll of identify
 y - a scroll of poison {unknown}
Potions
 d - a potion of lignification
 g - 3 potions of degeneration
 j - 3 potions of curing
 m - 3 potions of cancellation
 o - a potion of heal wounds {unknown}
 q - a potion of brilliance {unknown}
 s - a potion of might {unknown}
 v - a potion of mutation {unknown}
 w - a potion of berserk rage {unknown}
 x - a potion of magic {unknown}


   Skills:
 - Level 2.1 Fighting
 + Level 9.7 Ranged Weapons
 - Level 1.5 Dodging
 - Level 1.1 Stealth


You had 7 spell levels left.
You didn't know any spells.
Your spell library contained the following spells:

 Spells                   Type           Power      Damage    Failure   Level
 Portal Projectile        Hex/Tloc       0%         N/A       63%         3
 Summon Guardian Golem    Hex/Summ       0%         N/A       63%         3
 Tukima's Dance           Hex            0%         N/A       63%         3
 Blade Hands              Tmut           0%         N/A       100%        5
 Orb of Destruction       Conj           0%         9d5       100%        7
 Spellforged Servitor     Conj/Summ      0%         N/A       100%        7


Dungeon Overview and Level Annotations

Branches:
Dungeon (6/15)             Temple (1/1) D:4

Altars:
Ashenzari
Cheibriados
Gozag
Hepliaklqana
Kikubaaqudgha
Qazlal
Ru
Trog
Vehumet
Wu Jian
Yredelemnul

Shops:
D:1 =

Annotations:
D:3 fingers's ghost, amateur FoFi
D:6 Duvessa


Innate Abilities, Weirdness & Mutations

You are a tree.
Your roots penetrate the ground, keeping you stationary.
You cannot be teleported.
You are immune to unholy pain and torment.
Your maximum health is greatly increased.
Your equipment is partially melded.
You are immune to sickness and miasma.
((Your stone body is resilient. (AC +5)))
You are immune to poison.
You resist negative energy. (rN+)
((You are resistant to electric shocks. (rElec)))
You are resistant to unholy torment.
You are immune to petrification.


Message History

Duvessa completely misses you.
Fire: a) +0 shortbow (flame)
Press: ? - help, Q - select action, (/) - cycle Shift-Dir - straight line, f/p - Duvessa
Aim: Duvessa, wielding a +0 rapier and wearing a +0 leather armour (silenced, moderately wounded, berserk, 68% to hit)
You shoot an arrow. The arrow hits Duvessa.
The arrow burns Duvessa.
Duvessa is moderately wounded.
The hound bites you but does no damage. You block Duvessa's attack.
The hound bites you.
* * * LOW HITPOINT WARNING * * *
Fire: a) +0 shortbow (flame)
Press: ? - help, Q - select action, (/) - cycle Shift-Dir - straight line, f/p - Duvessa
Aim: Duvessa, wielding a +0 rapier and wearing a +0 leather armour (silenced, moderately wounded, berserk, 68% to hit)
You shoot an arrow. The arrow closely misses Duvessa.
The arrow hits the bullfrog.
The arrow burns the bullfrog.
The bullfrog is moderately wounded.
Duvessa hits you with a +0 rapier!
* * * LOW HITPOINT WARNING * * *
You block the adder's attack. The hound bites you but does no damage.
Duvessa hits you but does no damage.
A wight comes into view. It is wielding a +0 flail.
Fire: a) +0 shortbow (flame)
Press: ? - help, Q - select action, (/) - cycle Shift-Dir - straight line, f/p - Duvessa
Aim: Duvessa, wielding a +0 rapier and wearing a +0 leather armour (silenced, moderately wounded, berserk, 68% to hit)
You shoot an arrow. The arrow closely misses Duvessa.
The arrow hits the bullfrog.
The arrow burns the bullfrog.
The bullfrog is heavily wounded.
The adder bites you but does no damage. The hound completely misses you.
Duvessa hits you but does no damage.
An iguana comes into view.
The adder bites you but does no damage. The hound bites you but does no damage.
Fire: a) +0 shortbow (flame)
Press: ? - help, Q - select action, (/) - cycle Shift-Dir - straight line, f/p - Duvessa
Aim: Duvessa, wielding a +0 rapier and wearing a +0 leather armour (silenced, moderately wounded, berserk, 68% to hit)
You shoot an arrow. The arrow hits Duvessa!
The arrow burns Duvessa.
Duvessa is heavily wounded.
Duvessa hits you but does no damage. The hound bites you but does no damage.
The adder bites you but does no damage. Duvessa hits you with a +0 rapier!
You die...

### #####.# #...
### ###.. ...#.#
#.## #.. ...#
####.#.###.# #.#
#.###........#.##
#######.###
#......#.#.#.....
..........#
#........#.###.##
#.#.#
#..##..###.###.#.
#.#.###h.##..#
#.....##
#..zFe♣S.##..#
########
###z####l##..#
#z# #.##..# #.#
#.##..# #.#
#.....# .e. ###
#.# #.# ...


You could see Duvessa (berserk), a bullfrog, an iguana, a hound, 2 wights and an
adder.

Vanquished Creatures
  A water moccasin (D:6)
  An ice beast (D:5)
  An ogre (D:4)
  A centaur (D:5)
  A bullfrog (D:2)
  Dowan (D:6)
  3 hounds
  3 iguanas
  2 orc wizards
  3 gnolls (D:4)
  6 adders
  A shadow imp (D:5)
  5 dart slugs
  6 orcs
  8 endoplasms
  2 giant cockroaches
  12 hobgoblins
  6 kobolds
  4 quokkas
  9 ball pythons
  5 bats
  3 frilled lizards
  5 goblins
  4 rats
93 creatures vanquished.

Notes
Turn   | Place    | Note
-------+----------+-------------------------------------------
     0 | D:1      | groovy9 the Gargoyle Hunter began the quest for the Orb.
     0 | D:1      | Reached XP level 1. HP: 12/12 MP: 1/1
   103 | D:1      | Reached XP level 2. HP: 17/17 MP: 2/2
   468 | D:1      | Found Oxiwolir's Jewellery Emporium.
   658 | D:1      | Reached XP level 3. HP: 21/21 MP: 3/3
  1234 | D:2      | Reached skill level 5 in Ranged Weapons
  1710 | D:2      | Reached XP level 4. HP: 26/26 MP: 4/4
  2158 | D:3      | Found a faded altar of an unknown god.
  2305 | D:3      | Reached skill level 6 in Ranged Weapons
  2347 | D:3      | Found a runed translucent gate.
  2348 | D:3      | Found a runed translucent gate.
  2349 | D:3      | Found a runed translucent gate.
  2568 | D:3      | Found an opulent altar of Gozag.
  2569 | D:3      | Noticed a bullfrog
  2569 | D:3      | Noticed fingers's ghost (amateur FoFi)
  2576 | D:3      | Reached XP level 5. HP: 30/30 MP: 5/5
  2914 | D:4      | Reached skill level 7 in Ranged Weapons
  2932 | D:4      | Reached XP level 6. HP: 31/35 MP: 6/6
  3032 | D:4      | Found a staircase to the Ecumenical Temple.
  3042 | Temple   | Entered the Ecumenical Temple
  3184 | Temple   | Became a worshipper of Hepliaklqana the Forgotten
  3471 | D:4      | Found an ancient bone altar of Kikubaaqudgha.
  3739 | D:4      | Found an opulent altar of Gozag.
  4487 | D:4      | Reached skill level 8 in Ranged Weapons
  4679 | D:5      | Entered Level 5 of the Dungeon
  4685 | D:5      | Reached XP level 7. HP: 27/40 MP: 7/7
  4846 | D:5      | Reached skill level 9 in Ranged Weapons
  4889 | D:5      | Found a broken altar of Ashenzari.
  5547 | D:6      | Noticed Duvessa
  5547 | D:6      | Noticed Dowan
  5564 | D:6      | Killed Dowan
  5565 | D:6      | Reached XP level 8. HP: 21/44 MP: 8/8
  5569 | D:6      | Slain by Duvessa

Illustrated notes

Levels and vault maps discovered:
D:1:      sevenhm_arrival_forest_fort_large_4, layout_basic, serial_shops, shop,
          minmay_box_of_dots
D:2:      layout_basic
D:3:      layout_rooms, basic_ecumenical_altar, ebering_ghost_gozag,
          chequers_decorated_corner
D:4:      layout_loops_ring, mainiacjoe_overflow_surrounded_room,
          mainiacjoe_overflow_alcove_2, minmay_temple_entry_glass
D:5:      layout_rooms, mainiacjoe_overflow_brackets
D:6:      layout_loops_corners, uniq_duvessa
Temple:   minmay_temple_forest_path

Skill      XL: |  1  2  3  4  5  6  7 |
---------------+----------------------+-----
Ranged Weapons | 5 6 7 8 9 |  9.7
Fighting       | |  2.1
Dodging        | |  1.5
Stealth        | |  1.1

Action                   |  1- 3 |  4- 6 |  7- 9 || total
-------------------------+-------+-------+-------++-------
 Fire: Shortbow          |    86 |   192 |    83 ||   361
  Use: Scroll            |     5 |       |     4 ||     9
       Potion            |       |       |     2 ||     2
Armor: Leather armour    |    20 |    36 |     8 ||    64
       Skin              |       |       |    23 ||    23
Dodge: Dodged            |    24 |    73 |    16 ||   113
Block: Other             |     4 |    29 |    13 ||    46
       Reflection        |       |     2 |       ||     2
